 Dungeon Crawl Stone Soup version 0.29.1-13-g9f3cf754e1 (webtiles) character file.

Game seed: 1304121953850183465

78 raph the Grave Robber (level 4, -3/30 HPs)
             Began as a Demonspawn Necromancer on Feb 5, 2023.
             Slain by a gnoll
             ... wielding a +0 flail
              (8 damage)
             ... on level 2 of the Dungeon.
             The game lasted 00:03:48 (2003 turns).

raph the Grave Robber (Demonspawn Necromancer)      Turns: 2003, Time: 00:03:49

Health: -3/30      AC:  2    Str:  8    XL:     4   Next: 15%
Magic:  7/7        EV: 12    Int: 19    God:
Gold:   66         SH:  4    Dex: 13    Spells: 3/7 levels left

rFire   . . .      SeeInvis .   k - +1 short sword (speed)
rCold   . . .      Faith    .   (no shield)
rNeg    . . .      Spirit   .   a - +0 robe
rPois   .          Reflect  .   (no helmet)
rElec   .          Harm     .   (no cloak)
rCorr   .          Rampage  .   (no gloves)
Will    .....                   (no boots)
Stlth   ++........              (no amulet)
HPRegen 0.10/turn               (no ring)
MPRegen 0.10/turn               (no ring)

@: no status effects
A: large bone plates 1
a: no special abilities


You were on level 2 of the Dungeon.
You visited 1 branch of the dungeon, and saw 2 of its levels.

You collected 66 gold pieces.

Inventory:

Hand Weapons
 f - a +0 short sword
 k - a +1 short sword of speed (weapon)
 m - a +1 short sword of protection
Missiles
 g - 6 poisoned darts
Armour
 a - a +0 robe (worn)
Scrolls
 e - 2 scrolls of fear {unknown}
 i - a scroll of identify {unknown}
 l - a scroll of enchant weapon {unknown}
Potions
 c - a potion of heal wounds {unknown}
 d - a potion of cancellation {unknown}
 h - a potion of mutation {unknown}
 j - 2 potions of invisibility {unknown}


   Skills:
 - Level 1.7 Dodging
 - Level 1.7 Stealth
 - Level 2.0 Spellcasting
 + Level 6.3 Necromancy


You had 3 spell levels left.
You knew the following spells:

 Your Spells              Type           Power      Damage    Failure   Level
a - Necrotise             Necr           100%       1d9       1%          1
b - Vampiric Draining     Necr           25%        2d7       3%          3

Your spell library contained the following spells:

 Spells                   Type           Power      Damage    Failure   Level
 Animate Dead             Necr           25%        N/A       13%         4
 Agony                    Necr           25%        N/A       34%         5


Dungeon Overview and Level Annotations

Branches:
Dungeon (2/15)

Altars:


Innate Abilities, Weirdness & Mutations

You are partially covered in large bone plates. (SH +4)


Message History

The endoplasm writhes in agony!
You kill the endoplasm!
Aiming: Necrotise (safe; 1% risk of failure)
Press: ? - help, Q - select action, (/) - cycle Shift-Dir - straight line, f - gnoll
Aim: a gnoll, wielding a +0 flail (chance to affect: 88%)
The gnoll barely resists.
Aiming: Necrotise (safe; 1% risk of failure)
Press: ? - help, Q - select action, (/) - cycle Shift-Dir - straight line, f/p - gnoll
Aim: a gnoll, wielding a +0 flail (chance to affect: 88%)
The gnoll barely resists.
Aiming: Necrotise (safe; 1% risk of failure)
Press: ? - help, Q - select action, (/) - cycle Shift-Dir - straight line, f/p - gnoll
Aim: a gnoll, wielding a +0 flail (chance to affect: 88%)
The gnoll barely resists.
Aiming: Necrotise (safe; 1% risk of failure)
Press: ? - help, Q - select action, (/) - cycle Shift-Dir - straight line, f/p - gnoll
Aim: a gnoll, wielding a +0 flail (chance to affect: 88%)
The gnoll writhes in agony!
You hit the gnoll but do no damage.
The gnoll is heavily wounded.
The gnoll hits you with a +0 flail!
You hit the gnoll.
The gnoll is severely wounded.
Aiming: Necrotise (safe; 1% risk of failure)
Press: ? - help, Q - select action, (/) - cycle Shift-Dir - straight line, f/p - gnoll
Aim: a gnoll, wielding a +0 flail (severely wounded, chance to affect: 88%)
The gnoll barely resists.
The gnoll hits you with a +0 flail! The gnoll attacks as you move away!
You block the gnoll's attack.
Aiming: Necrotise (safe; 1% risk of failure)
Press: ? - help, Q - select action, (/) - cycle Shift-Dir - straight line, f/p - gnoll
Aim: a gnoll, wielding a +0 flail (severely wounded, chance to affect: 88%)
The gnoll writhes in agony.
The gnoll misses you. The gnoll attacks as you move away!
The gnoll hits you with a +0 flail!
* * * LOW HITPOINT WARNING * * *
The gnoll attacks as you move away! The gnoll barely misses you.
Okay, then.
Magic courses through your body. The gnoll hits you with a +0 flail!
You die...

#...##....## #.##.#.........
#...#####..# ##....#.........
+........#.#######.....#.........
#...####.#.........#...#.........
#...# #.####>......##.#.........
#. #..........#......... #.
#..........####.##### #.
#..........# #.# #. #...@......#
#.# # #...g......## #.#
##.####...........# #.#
.........##.......# #.#####
..........'..<....# #......
###+#.##.###.......###)####.
.....##.# #.[.........†....
........###.......###Z#.##.
.......)..+.......+...#.##.


You could see a gnoll.

Vanquished Creatures
  2 gnolls (D:1)
  An adder (D:2)
  2 dart slugs (D:1)
  A ball python (D:1)
  6 bats
  4 endoplasms
  A giant cockroach (D:2)
  4 goblins
  5 hobgoblins
  A jackal (D:1)
  4 kobolds (D:1)
  3 quokkas
  A frilled lizard (D:2)
  3 rats
38 creatures vanquished.

Vanquished Creatures (collateral kills)
  An endoplasm (D:1)
  A giant cockroach (D:1)
  A goblin (D:1)
  A kobold (D:1)
4 creatures vanquished.

Vanquished Creatures (others)
  A fungus (D:1)
  A plant (D:1)
2 creatures vanquished.

Grand Total: 44 creatures vanquished

Notes
Turn   | Place    | Note
-------+----------+-------------------------------------------
     0 | D:1      | raph the Demonspawn Necromancer began the quest for the
                  | Orb.
     0 | D:1      | Reached XP level 1. HP: 13/13 MP: 3/3
   196 | D:1      | Gained mutation: You are partially covered in large bone
                  | plates. (SH +4) [demonic ancestry]
   196 | D:1      | Reached XP level 2. HP: 17/19 MP: 0/5
   203 | D:1      | Reached skill level 5 in Necromancy
   865 | D:1      | Reached XP level 3. HP: 24/24 MP: 2/6
   872 | D:1      | Learned a level 3 spell: Vampiric Draining
  1115 | D:1      | Found a faded altar of an unknown god.
  1747 | D:2      | Reached skill level 6 in Necromancy
  1891 | D:1      | Reached XP level 4. HP: 23/30 MP: 0/7
  2003 | D:2      | Slain by a gnoll

Illustrated notes

Levels and vault maps discovered:
D:1:      minmay_arrival_four_loops, layout_rooms,
          shapermc_ecumenical_altar_petra, minmay_octomino_c4
D:2:      layout_basic, uniq_natasha

Skill      XL: |  1  2  3 |
---------------+----------+-----
Necromancy     | 5 6 |  6.3
Dodging        | |  1.7
Stealth        | |  1.7
Spellcasting   | |  2.0

Action                   |  1- 3 |  4- 6 || total
-------------------------+-------+-------++-------
Melee: Short sword       |    33 |     2 ||    35
 Cast: Necrotise         |    65 |     8 ||    73
       Vampiric Draining |     2 |       ||     2
  Use: Potion            |       |     1 ||     1
Armor: Robe              |    26 |       ||    26
Dodge: Dodged            |    56 |     3 ||    59
Block: Other             |    15 |     1 ||    16
